 Dungeon Crawl Stone Soup version 0.25-a0-781-gc44aebf4fe (webtiles) character file.

Game seed: 1074302388024019946, levelgen mode: deterministic

37430 Conn the Destroyer (level 13, 0/80 HPs)
             Began as an Octopode Conjurer on Apr 16, 2020.
             Was a High Priest of Vehumet.
             Slain by a seven-headed hydra (11 damage)
             ... on level 4 of the Lair of Beasts.
             The game lasted 01:34:54 (20811 turns).

Conn the Destroyer (Octopode Conjurer)             Turns: 20811, Time: 01:34:55

Health: 0/80       AC:  3    Str:  9    XL:     13   Next: 96%
Magic:  15/29      EV: 17    Int: 27    God:    Vehumet [*****.]
Gold:   557        SH:  4    Dex: 13    Spells: 4/37 levels left

rFire    . . .     SeeInvis +   a - +11 dagger "Effogh" {freeze, Int+3}
rCold    + . .     Gourm    .   (no shield)
rNeg     + + +     Faith    .   u - +0 hat "Woklag" {rN+++ Str-3 Slay+4 SInv}
rPois    +         Spirit   .   O - +4 amulet of reflection
rElec    .         Reflect  +   g - ring of resist corrosion
rCorr    +         Harm     .   t - +1 ring of evasion
MR       .....     Clarity  +   C - +4 ring of intelligence
Stlth    ++++++++..             D - ring of protection from fire
HPRegen  0.23/turn              P - ring of flight
MPRegen  0.21/turn              o - ring of ice
                                A - +3 ring of strength
                                h - ring of Shadows {Umbra +Inv Stlth+}

@: wreathed by umbra
A: almost no armour, stealthy swim, amphibious, 8 rings, constrict 8, tentacle
spike 1, molten scales 1, camouflage 1, clarity, poison resistance, gelatinous
body 1
a: Renounce Religion, Evoke Invisibility, Evoke Flight


You were on level 4 of the Lair of Beasts.
You worshipped Vehumet.
Vehumet was extremely pleased with you.
You were not hungry.

You visited 4 branches of the dungeon, and saw 18 of its levels.
You also visited: Sewer.

You collected 1005 gold pieces.
You spent 448 gold pieces at shops.

Inventory:

Hand Weapons
 a - the +11 dagger "Effogh" (weapon) {freeze, Int+3}
   (You bought it in a shop on level 7 of the Dungeon)

   It has been specially enchanted to freeze those struck by it, causing extra
   injury to most foes and up to half again as much damage against particularly
   susceptible opponents.
   It can also slow down cold-blooded creatures.
   It affects your intelligence (+3).
 G - the +0 rapier of Ceogu {freeze, rC++ Str-4 Dex+4}
   (You bought it in a shop on level 7 of the Dungeon)

   It has been specially enchanted to freeze those struck by it, causing extra
   injury to most foes and up to half again as much damage against particularly
   susceptible opponents.
   It can also slow down cold-blooded creatures.
   It affects your strength (-4).
   It affects your dexterity (+4).
   It greatly protects you from cold.
Missiles
 H - 9 curare-tipped darts (quivered)
Armour
 j - a +1 hat
 u - the +0 hat "Woklag" (worn) {rN+++ Str-3 Slay+4 SInv}
   (You acquired it on level 10 of the Dungeon)

   It affects your strength (-3).
   It affects your accuracy and damage with ranged weapons and melee attacks
   (+4).
   It renders you almost immune to negative energy.
   It lets you see invisible.
Magical Staves
 b - an uncursed staff of earth
 K - an uncursed staff of summoning
Jewellery
 g - a ring of resist corrosion (left tentacle)
 h - the ring of Shadows (on tentacle) {Umbra +Inv Stlth+}
   (You found it on level 2 of the Lair of Beasts)

   [ring of stealth]

   It lets you turn invisible.
   It makes you more stealthy.
 i - an uncursed amulet of rage {unknown}
 o - a ring of ice (on tentacle)
 r - an uncursed amulet of magic regeneration
 t - a +1 ring of evasion (right tentacle)
 A - a +3 ring of strength (on tentacle)
 C - a +4 ring of intelligence (on tentacle)
 D - a ring of protection from fire (on tentacle)
 O - a +4 amulet of reflection (around mantle)
 P - a ring of flight (on tentacle)
Wands
 w - a wand of disintegration (6)
 B - a wand of paralysis (17)
 E - a wand of acid (9)
 I - a wand of scattershot (11)
 M - a wand of random effects (21)
 Q - a wand of polymorph (5)
Scrolls
 d - 8 scrolls of remove curse
 f - 5 scrolls of teleportation
 k - 7 scrolls of magic mapping
 n - 17 scrolls of identify
 q - 2 scrolls of fear
 y - 6 scrolls of enchant weapon
 J - a scroll of fog
 L - 3 scrolls of blinking
 S - a scroll of enchant armour
Potions
 c - 4 potions of brilliance
 e - 2 potions of cancellation
 l - a potion of heal wounds
 m - 6 potions of curing
 p - a potion of haste {unknown}
 v - 4 potions of flight
 x - a potion of mutation
 z - 3 potions of stabbing
 R - a potion of might {unknown}
Comestibles
 s - 6 chunks of flesh
 N - 39 rations


   Skills:
 + Level 4.3 Fighting
 + Level 5.7 Short Blades
 + Level 5.6 Dodging
 - Level 7.3 Stealth
 * Level 12.8 Spellcasting
 + Level 13.0 Conjurations
   Level 2.2 Hexes
 + Level 7.0 Translocations
 * Level 5.0 Fire Magic
 + Level 3.7 Earth Magic
 + Level 1.4 Evocations


You had 4 spell levels left.
You knew the following spells:

 Your Spells              Type           Power        Failure   Level  Hunger
a - Magic Dart            Conj           ####         0%          1    None
b - Searing Ray           Conj           ######       0%          2    None
c - Bolt of Magma         Conj/Fire/Erth ######....   1%          5    ##.....
d - Lee's Rapid Deconstr  Erth           #####.....   5%          5    ##.....
e - Iskenderun's Mystic   Conj/Tloc      ######..     1%          4    None
f - Foxfire               Conj/Fire      ####         1%          1    None
h - Sticky Flame          Conj/Fire      ######..     1%          4    None
i - Fireball              Conj/Fire      ######....   1%          5    ##.....
j - Hailstorm             Conj/Ice       ######..     1%          4    None
k - Passwall              Tmut/Erth      ####....     2%          2    None

Your spell library contained the following spells:

 Spells                   Type           Power        Failure   Level  Hunger
 Starburst                Conj/Fire      ######....   3%          6    #####..
 Corona                   Hex            ####...      1%          1    None
 Sandblast                Erth           #####.       1%          1    None
 Dazzling Flash           Conj/Hex       ######       1%          3    None
 Ignite Poison            Fire/Tmut/Pois ####....     1%          3    None
 Stone Arrow              Conj/Erth      ######       1%          3    None
 Fulminant Prism          Conj/Hex       ######....   1%          4    None
 Ensorcelled Hibernation  Hex/Ice        #####.       3%          2    None
 Confusing Touch          Hex            ####....     3%          3    None
 Tukima's Dance           Hex            ####....     3%          3    None
 Leda's Liquefaction      Hex/Erth       ####......   10%         4    None
 Petrify                  Tmut/Erth      ####....     16%         4    None
 Iron Shot                Conj/Erth      ######....   4%          6    #####..
 Statue Form              Tmut/Erth      ####.....    93%         6    #####..
 Ignition                 Fire           #####.....   99%         8    #######
 Ring of Flames           Chrm/Fire      ####......   100%        7    ######.
 Shatter                  Erth           #####.....   100%        9    #######


Dungeon Overview and Level Annotations

Branches:
Dungeon (11/15)            Temple (1/1) D:5            Lair (4/6) D:11
 Shoals (0/4) Lair:2       Spider (0/4) Lair:3          Orc (2/2) D:10
  Sewer (visited)
    Elf: Orc:2

Altars:
Ashenzari
Cheibriados
Dithmenos
Elyvilon
Fedhas
Gozag
Hepliaklqana
Kikubaaqudgha
Makhleb
Nemelex Xobeh
Okawaru
Qazlal
Ru
Sif Muna
Trog
Uskayaw
Vehumet
Wu Jian
Xom
Yredelemnul
Zin
The Shining One

Shops:
D:7 *   D:9 ?

Portals:
Trove: D:10 (give 4 potions of resistance)


Innate Abilities, Weirdness & Mutations

You cannot wear most types of armour.
You are very stealthy in the water. (Stealth+)
You are amphibious.
You can wear up to eight rings at the same time.
You can use your tentacles to constrict eight enemies at once.
Your skin changes colour to match your surroundings (Stealth+).
Your rubbery body absorbs attacks. (AC +1, EV +1)
One of your tentacles bears a spike.
You are partially covered in molten scales. (AC +2)
You possess an exceptional clarity of mind.
Your system is resistant to poisons. (rPois)


Message History

The seven-headed hydra bites you!
The seven-headed hydra closely misses you.
The seven-headed hydra completely misses you.
The seven-headed hydra bites you!
* * * LOW HITPOINT WARNING * * *
The seven-headed hydra misses you.
Casting: Iskenderun's Mystic Blast (safe; 1% risk of failure)
Confirm with . or Enter, or press ? or * to list all spells.
Okay, then.
Unknown command.
Unknown command.
As you read the scroll of fear, it crumbles to dust.
You assume a fearsome visage.
The seven-headed hydra resists with some effort.
The seven-headed hydra closely misses you.
The seven-headed hydra barely misses you.
The seven-headed hydra bites you.
* * * LOW HITPOINT WARNING * * *
The seven-headed hydra bites you!
You die...

## ###.##....##
..##..........##
........#...>.P##
.P........#......#
.....≈≈...#.....#
..≈≈≈≈≈≈.##....##
≈≈≈≈≈≈≈≈...††...#
≈≈≈≈≈≈≈≈..##D..##
≈≈≈≈≈≈P...#..@.###
≈≈≈≈≈.P...##...#.#
P≈≈≈≈...D####...#
.≈≈P......###...###########
...≈.....#.#......##.#.#..####
........P.....................
.###..........................
#..........................
#..>........................


You could see a seven-headed hydra.

Vanquished Creatures
  Josephine (Orc:1)
  Snorg (D:11)
  Harold (D:7)
  Fannar (D:11)
  4 hydras
  Erica (Lair:2)
  2 two-headed ogres (D:8)
  3 death yaks
  Urug (Orc:1)
  Sonja (D:11)
  An unseen horror (D:11)
  An orb spider (Lair:3)
  An orc knight (Orc:2)
  2 cyclopes (D:11)
  3 oklob plants (Lair:2)
  A manticore (Lair:2)
  3 ugly things (D:11)
  A black mamba (Lair:4)
  A spiny frog (Lair:3)
  4 gargoyles
  4 trolls
  A queen bee (D:9)
  Grinder (D:3)
  A hornet (D:8)
  3 slime creatures (D:7)
  4 blink frogs (Lair:1)
  5 hippogriffs
  A shadow (D:11)
  A wyvern (D:9)
  A vampire (D:11)
  A human (D:9)
  26 yaks
  5 basilisks (Lair:3)
  A steam dragon (Lair:3)
  3 hogs (D:9)
  A hungry ghost (D:11)
  Menkaure (D:6)
  5 wargs
  A porcupine (Lair:2)
  6 water moccasins
  2 ice beasts (D:7)
  2 sky beasts
  9 orc warriors
  2 phantoms (D:11)
  4 ogres
  17 wolves
  A necrophage (D:11)
  10 centaurs
  3 crocodiles
  5 big kobolds
  11 bullfrogs
  A gnoll sergeant (D:8)
  5 scorpions
  29 killer bees
  7 howler monkeys
  4 crimson imps
  2 quasits (D:9)
  6 orc priests
  2 bullfrog zombies
  7 hounds
  6 jellies
  A water moccasin simulacrum (D:11)
  A bullfrog skeleton (D:8)
  5 centaur skeletons
  14 orc wizards
  Jessica (D:2)
  13 worker ants
  2 iguanas
  Natasha (thrice) (D:2)
  A killer bee zombie (D:7)
  A hound zombie (D:11)
  A hound skeleton (D:8)
  A howler monkey zombie (D:8)
  2 worker ant zombies
  10 adders
  8 gnolls
  3 shadow imps
  9 oozes
  An adder skeleton (D:4)
  5 worms
  5 dart slugs
  8 leopard geckos
  37 orcs
  6 bats
  11 giant cockroaches
  2 gnoll zombies (D:3)
  5 goblins (D:2)
  12 hobgoblins
  12 jackals
  3 quokkas
  2 ball pythons
  11 frilled lizards
  A giant cockroach zombie (D:5)
  24 kobolds
  A leopard gecko skeleton (D:7)
  A quokka skeleton (D:8)
  14 rats
  A plant (Lair:2)
479 creatures vanquished.

Vanquished Creatures (others)
  An orc wizard (Orc:2)
  132 foxfires
  16 fulminant prisms
  7 fungi
  2 plants (Lair:2)
  8 toadstools (D:7)
166 creatures vanquished.

Grand Total: 645 creatures vanquished

Notes
Turn   | Place    | Note
-------+----------+-------------------------------------------
     0 | D:1      | Conn the Octopode Conjurer began the quest for the Orb.
     0 | D:1      | Reached XP level 1. HP: 11/11 MP: 3/3
    36 | D:1      | Found a hide-covered altar of Uskayaw.
    76 | D:1      | Reached XP level 2. HP: 11/17 MP: 0/5
   406 | D:1      | Reached XP level 3. HP: 21/21 MP: 0/6
   512 | D:1      | Reached skill level 5 in Conjurations
  1084 | D:1      | Learned a level 2 spell: Searing Ray
  1088 | D:1      | Learned a level 3 spell: Dazzling Flash
  1089 | D:2      | Found a bloodstained altar of Trog.
  1136 | D:2      | Reached XP level 4. HP: 19/27 MP: 0/7
  1805 | D:2      | Noticed Jessica
  1907 | D:2      | Noticed Natasha
  1909 | D:2      | Killed Jessica
  1909 | D:2      | Reached XP level 5. HP: 31/31 MP: 5/8
  1911 | D:2      | Killed Natasha
  2255 | D:2      | Noticed Natasha
  2259 | D:2      | Killed Natasha
  2345 | D:2      | Noticed Natasha
  2352 | D:2      | Killed Natasha
  2604 | D:3      | Reached XP level 6. HP: 35/37 MP: 11/11
  2693 | D:3      | Found a basalt altar of Yredelemnul.
  2793 | D:3      | Noticed Grinder
  2806 | D:3      | Paralysed by Grinder for 4 turns
  2825 | D:3      | Killed Grinder
  2825 | D:3      | Reached skill level 1 in Fighting
  2825 | D:3      | Reached skill level 1 in Short Blades
  2825 | D:3      | Reached skill level 6 in Conjurations
  2825 | D:3      | Reached XP level 7. HP: 43/43 MP: 9/12
  2968 | D:3      | Found a sparkling altar of Nemelex Xobeh.
  4282 | D:4      | Found a hazy altar of Hepliaklqana.
  4320 | D:4      | Reached skill level 5 in Stealth
  4352 | D:5      | Entered Level 5 of the Dungeon
  4377 | D:5      | Reached XP level 8. HP: 17/50 MP: 11/14
  4512 | D:5      | Found a hide-covered altar of Uskayaw.
  4512 | D:5      | Found an opulent altar of Gozag.
  4512 | D:5      | Found an ancient bone altar of Kikubaaqudgha.
  4512 | D:5      | Found an iron altar of Okawaru.
  4631 | D:5      | Found a staircase to the Ecumenical Temple.
  4653 | Temple   | Entered the Ecumenical Temple
  4713 | Temple   | Became a worshipper of Vehumet
  4759 | D:5      | Found a glowing drain.
  4760 | D:5      | Found a shimmering blue altar of Sif Muna.
  4797 | Sewer    | Entered a sewer
  5060 | Sewer    | Learned a level 4 spell: Fulminant Prism
  5065 | Sewer    | Learned a level 4 spell: Iskenderun's Mystic Blast
  5130 | Sewer    | Found a white marble altar of Elyvilon.
  5379 | D:5      | Found a burning altar of Makhleb.
  6065 | D:6      | Reached skill level 5 in Spellcasting
  6142 | D:6      | Noticed Menkaure
  6148 | D:6      | Killed Menkaure
  6148 | D:6      | Reached skill level 7 in Conjurations
  7211 | D:7      | Reached XP level 9. HP: 29/55 MP: 11/17
  7431 | D:7      | Reached skill level 1 in Evocations
  7436 | D:7      | Reached * piety under Vehumet
  7436 | D:7      | Offered knowledge of Foxfire by Vehumet.
  7671 | D:7      | Noticed Harold
  7781 | D:6      | Learned a level 1 spell: Foxfire
  7797 | D:7      | Killed Harold
  7797 | D:7      | Reached skill level 1 in Translocations
  7851 | D:7      | Reached skill level 8 in Conjurations
  8142 | D:7      | Reached skill level 1 in Hexes
  8146 | D:7      | Reached XP level 10. HP: 42/63 MP: 4/20
  8524 | D:7      | Found a stormy altar of Qazlal.
  8538 | D:7      | Found a blossoming altar of Fedhas.
  8577 | D:7      | Found Elloythra's Assorted Antiques.
  8585 | D:7      | Bought a slimy rapier for 252 gold pieces
  8585 | D:7      | Identified the cursed +0 rapier of Ceogu {freeze, rC++
                  | Str-4 Dex+4} (You bought it in a shop on level 7 of the
                  | Dungeon)
  8913 | D:7      | Reached skill level 9 in Conjurations
  9644 | D:8      | Noticed a two-headed ogre
  9654 | D:8      | Killed a two-headed ogre
  9887 | D:7      | Gained mutation: Your system is resistant to poisons.
                  | (rPois) [potion of mutation]
  9887 | D:7      | Gained mutation: You possess an exceptional clarity of
                  | mind. [potion of mutation]
  9887 | D:7      | Gained mutation: One of your tentacles bears a spike.
                  | [potion of mutation]
  9887 | D:7      | Gained mutation: You are partially covered in molten
                  | scales. (AC +2) [potion of mutation]
  9891 | D:8      | Offered knowledge of Sandblast by Vehumet.
  9891 | D:8      | Reached ** piety under Vehumet
 10247 | D:8      | Noticed a six-headed hydra
 10250 | D:8      | Noticed a two-headed ogre
 10258 | D:8      | Killed a six-headed hydra
 10600 | D:8      | Reached skill level 10 in Conjurations
 10600 | D:8      | Reached XP level 11. HP: 64/67 MP: 15/23
 10814 | D:8      | Offered knowledge of Ignite Poison by Vehumet.
 11272 | D:8      | Killed a two-headed ogre
 11362 | D:9      | Learned a level 3 spell: Ignite Poison
 11434 | D:9      | Reached *** piety under Vehumet
 11633 | D:9      | Reached skill level 5 in Short Blades
 11856 | D:9      | Found a glowing golden altar of the Shining One.
 11992 | D:9      | Found Buedd's Magic Scroll Shop.
 12008 | D:10     | Entered Level 10 of the Dungeon
 12008 | D:10     | Found a portal to a secret trove of treasure.
 12250 | D:7      | Bought an encrusted dagger for 196 gold pieces
 12251 | D:7      | Identified the +11 dagger "Effogh" {freeze, Int+3} (You
                  | bought it in a shop on level 7 of the Dungeon)
 12532 | D:9      | Reached skill level 1 in Fire Magic
 12536 | D:9      | Reached skill level 5 in Dodging
 12655 | D:9      | Offered knowledge of Sticky Flame by Vehumet.
 12669 | D:9      | Reached **** piety under Vehumet
 12972 | D:9      | Learned a level 4 spell: Sticky Flame
 13043 | D:10     | Offered knowledge of Fireball by Vehumet.
 13043 | D:10     | Reached skill level 11 in Conjurations
 13054 | D:10     | Learned a level 5 spell: Fireball
 13188 | D:10     | Found a bloodstained altar of Trog.
 13232 | D:10     | Identified a scroll of acquirement
 13232 | D:10     | Identified the +0 hat "Woklag" {rN+++ Str-3 Slay+4 SInv}
                  | (You acquired it on level 10 of the Dungeon)
 13385 | D:10     | Reached skill level 5 in Translocations
 13390 | D:10     | Reached skill level 10 in Spellcasting
 13709 | D:10     | Found a staircase to the Orcish Mines.
 13787 | Orc:1    | Entered Level 1 of the Orcish Mines
 13817 | Orc:1    | Reached XP level 12. HP: 57/74 MP: 7/26
 14063 | Orc:2    | Entered Level 2 of the Orcish Mines
 14063 | Orc:2    | Noticed Urug
 14069 | Orc:2    | Reached ***** piety under Vehumet
 14076 | Orc:1    | HP: 2/74 [warg (16)]
 14332 | Orc:1    | Learned a level 5 spell: Lee's Rapid Deconstruction
 14338 | Orc:2    | Offered knowledge of Hailstorm by Vehumet.
 14340 | Orc:2    | Noticed Josephine
 14348 | Orc:1    | Killed Urug
 14348 | Orc:1    | Reached skill level 1 in Earth Magic
 14523 | Orc:1    | Killed Josephine
 14683 | D:11     | Noticed Fannar
 14830 | D:11     | Killed Fannar
 14836 | D:11     | Noticed Sonja
 15009 | D:11     | Noticed Snorg
 15022 | D:11     | Killed Snorg
 15131 | D:11     | Killed Sonja
 15341 | D:11     | Found a shattered altar of Ashenzari.
 15418 | D:11     | Found a staircase to the Lair.
 15451 | D:11     | Reached skill level 12 in Conjurations
 15967 | D:11     | Reached XP level 13. HP: 79/79 MP: 4/28
 16353 | D:11     | Learned a level 4 spell: Hailstorm
 16356 | D:11     | Learned a level 2 spell: Passwall
 16423 | D:11     | Found an ancient bone altar of Kikubaaqudgha.
 16672 | D:11     | Offered knowledge of Starburst by Vehumet.
 16766 | Lair:1   | Entered Level 1 of the Lair of Beasts
 17968 | Lair:2   | Noticed Erica
 17974 | Lair:2   | Killed Erica
 18160 | Lair:2   | Found a staircase to the Shoals.
 18309 | Lair:2   | Found the ring of Shadows {Umbra +Inv Stlth+}
 20064 | Lair:3   | Learned a level 5 spell: Bolt of Magma
 20308 | Lair:3   | Found a hole to the Spider Nest.
 20806 | Lair:4   | Reached skill level 13 in Conjurations
 20806 | Lair:4   | Reached skill level 5 in Fire Magic
 20811 | Lair:4   | Slain by a seven-headed hydra

Levels and vault maps discovered:
D:1:      dpeg_arrival_connections, layout_basic, kennysheep_flooded_box,
          minmay_misc_feat_enclosed
D:2:      layout_rooms, bloody_trog, minmay_bisected, uniq_natasha, uniq_jessica
D:3:      layout_loops_cross, lemuel_zombie_altar_yredelemnul,
          minmay_parallelograms, grunt_ministairs_5,
          nemelex_xobeh_ov_fountains_minmay, uniq_grinder
D:4:      layout_basic, nicolae_overflow_hidden_temple
D:5:      layout_basic, makhleb_heckhound_becter,
          chequers_temple_overflow_statue_of_worship, kennysheep_little_box,
          minmay_temple_entry_arrows, first_ration, gup_sewer_entry_glass,
          minmay_lizard_king
D:6:      layout_layer_cave, kennysheep_decorative_pillar, uniq_menkaure
D:7:      cheibrodos_fertilizer, layout_basic,
          grunt_temple_overflow_forces_of_nature, serial_shops,
          nicolae_shop_overgrown_old_shop, uniq_harold
D:8:      minmay_ornate_pinched, layout_basic
D:9:      layout_basic, lemuel_coloured_pillars_altar, serial_shops, shop,
          special_room [special_room_bee], grunt_livestock
D:10:     layout_loops_ring, orc_0_dummy, enter_trove_1, lemuel_tele_altar
D:11:     minmay_the_grid_triangle_9x9_rhombus_thin
          [minmay_the_grid_triangle_9x9_sparse_checkered,
          minmay_the_grid_triangle_9x9_prize_top_heavy,
          minmay_the_grid_triangle_9x9_limited_checkers,
          minmay_the_grid_triangle_9x9_alien], layout_cave_pools,
          erik_lair_orcish_takeover, hangedman_feature_mirror, uniq_fannar,
          uniq_sonja, uniq_snorg
Temple:   compressed_dpeg_circular_temple
Lair:1:   layout_cave_pods
Lair:2:   layout_regular_city, minmay_shoals_entry_beasts,
          minmay_lair_oklob_chamber, lemuel_fruit_fields, uniq_erica
Lair:3:   layout_regular_city, nicolae_spider_entry_orb_guardian,
          kennysheep_basilisk_garden
Lair:4:   layout_hall_layers, fungi_pond_lemuel, chequers_serial_rivers_micro_a
Orc:1:    layout_caves, serial_shops, nicolae_shop_trees, mines2_david,
          uniq_nergalle
Orc:2:    st_orc_mages, layout_diamond_mine, basic_altar, uniq_urug,
          uniq_josephine

Skill      XL: |  1  2  3  4  5  6  7  8  9 10 11 12 13 |
---------------+----------------------------------------+-----
Conjurations   | 5 6 7 8 10 11 12 13 | 13.0
Stealth        | 3 4 5 6 7 |  7.3
Spellcasting   | 3 4 5 6 8 10 11 12 | 12.8
Fighting       | 1 2 3 4 |  4.3
Short Blades   | 1 3 4 5 |  5.7
Dodging        | 3 4 5 |  5.6
Evocations     | 1 |  1.4
Translocations | 2 3 5 6 7 |  7.0
Hexes          | 1 2 |  2.2
Fire Magic     | 1 2 5 |  5.0
Earth Magic    | 3 |  3.7

Action                   |  1- 3 |  4- 6 |  7- 9 | 10-12 | 13-15 || total
-------------------------+-------+-------+-------+-------+-------++-------
Melee: Unarmed           |    38 |       |       |       |       ||    38
       Constrict         |    15 |    19 |    29 |    28 |    19 ||   110
       Tentacles         |    14 |     9 |    23 |    17 |    15 ||    78
       Dagger            |     8 |    45 |       |    48 |   102 ||   203
       Rapier            |       |     8 |       |    95 |       ||   103
       Short sword       |       |    11 |   135 |     6 |       ||   152
       Kick              |       |       |       |    35 |    19 ||    54
       Staff             |       |       |       |       |     3 ||     3
Throw: Dart              |       |       |       |       |     1 ||     1
 Cast: Magic Dart        |    38 |    32 |    72 |   166 |    22 ||   330
       Searing Ray       |     1 |     9 |    24 |    52 |     4 ||    90
       Dazzling Flash    |     1 |     1 |     1 |     2 |       ||     5
       Iskenderun's Myst |       |       |     3 |    40 |     9 ||    52
       Fulminant Prism   |       |       |     5 |    11 |       ||    16
       Foxfire           |       |       |       |    54 |    20 ||    74
       Fireball          |       |       |       |    36 |    50 ||    86
       Lee's Rapid Decon |       |       |       |     8 |     4 ||    12
       Sticky Flame      |       |       |       |     7 |     6 ||    13
       Hailstorm         |       |       |       |       |     3 ||     3
Evoke: Wand              |       |       |     4 |     1 |       ||     5
  Use: Potion            |     2 |     3 |       |     5 |       ||    10
       Scroll            |       |     1 |     4 |    10 |     7 ||    22
 Stab: Sleeping          |       |     5 |    13 |    12 |     8 ||    38
  Eat: Chunk             |       |     7 |    14 |    20 |    16 ||    57
       Ration            |       |       |     1 |     3 |     1 ||     5
Armor: Skin              |     6 |     4 |     9 |    20 |     3 ||    42
Dodge: Dodged            |    51 |    37 |   133 |   234 |    68 ||   523
Block: Other             |       |       |       |    13 |     3 ||    16
       Reflection        |       |       |       |     4 |       ||     4

Table legend:
 A = Non-vault XP
 B = Vault XP
 C = Vault XP percentage of total XP
 D = Non-vault monster count
 E = Vault monster count
 F = Vault count percentage of total count
                 A         B        C        D         E       F
            +---------+---------+-------+---------+---------+-------
      Total |   31220 |   22252 |  41.6 |     336 |     143 |  29.9
            +---------+---------+-------+---------+---------+-------
        D:1 |      68 |       0 |   0.0 |      30 |       0 |   0.0
        D:2 |     147 |      85 |  36.6 |      22 |       7 |  24.1
        D:3 |      54 |     298 |  84.7 |      16 |       5 |  23.8
        D:4 |     457 |       0 |   0.0 |      20 |       0 |   0.0
        D:5 |     561 |     130 |  18.8 |      15 |      16 |  51.6
        D:6 |     207 |     172 |  45.4 |       4 |       1 |  20.0
        D:7 |    2300 |    1627 |  41.4 |      34 |      18 |  34.6
        D:8 |    2929 |    1821 |  38.3 |      32 |       9 |  22.0
        D:9 |    2066 |    2708 |  56.7 |      28 |      29 |  50.9
       D:10 |    2305 |     165 |   6.7 |      24 |       1 |   4.0
       D:11 |    5343 |    8055 |  60.1 |      31 |      30 |  49.2
     Lair:1 |    4063 |       0 |   0.0 |      25 |       0 |   0.0
     Lair:2 |    2154 |    3613 |  62.6 |      12 |       8 |  40.0
     Lair:3 |    3758 |    1532 |  29.0 |       9 |       6 |  40.0
     Lair:4 |    2824 |       0 |   0.0 |       9 |       0 |   0.0
      Orc:1 |     867 |    1935 |  69.1 |      14 |       2 |  12.5
      Orc:2 |    1117 |       0 |   0.0 |      11 |       0 |   0.0
      Sewer |       0 |     111 | 100.0 |       0 |      11 | 100.0
            +---------+---------+-------+---------+---------+-------
